AoeStats
← Chiqui Tapia

Nomad

509749730Analyzed
3v3 RM · 3d ago on Sep 27, 2026· 24m 0s· 6 players
Game mode
Random Map
Map size
210×210
Population
200
Speed
Normal
Resources
Standard
Victory
Conquest
Starting age
Dark Age
Ending age
Imperial Age
RankedLock teamsTeams togetherTeam positionsShared explorationLock speedFull tech treeHidden civsTurbo modeCheats
Victory
Defeat
🇦🇷 Mongols · Argentina
1279
+12
🇦🇷 Armenians · Argentina
1236
+14
🇦🇷 Saracens · Argentina
1198
+15
🇦🇷 Varangians · Argentina
1256
-16
🇦🇷 Persians · Argentina
1256
-17
🇦🇷 Portuguese · Argentina
1042
-8
Trocotoide
10:33 Loom
13:00 Feudal Age
13:45 Double-Bit Axe
20:09 Castle Age
18:58 Forging
19:05 Bloodlines
19:52 Scale Barding Armor
19:47 Stone Mining
19:47 Gold Mining
20:34 Fletching
Chiqui Tapia
14:14 Feudal Age
16:46 Double-Bit Axe
23:42 Castle Age
Bellota
5:15 Loom
12:40 Feudal Age
14:15 Fishing Lines
16:47 Castle Age
15:46 Fletching
16:04 Scale Barding Armor
16:08 Double-Bit Axe
17:58 Medium Warships
Cuando florezca el Chuño
5:04 Loom
12:49 Feudal Age
13:36 Double-Bit Axe
14:39 Town Watch
17:42 Castle Age
17:18 Fletching
20:18 Bodkin Arrow
22:38 Gold Mining
24:41 Ballistics
Un Ronin
16:31 Feudal Age
17:50 Double-Bit Axe
21:08 Castle Age
19:31 Loom
20:24 Fletching
21:57 Thumb Ring
22:21 Horse Collar
23:18 Medium Warships
22:53 Crossbowman
Ibz1
11:22 Loom
13:52 Feudal Age
14:37 Double-Bit Axe
15:29 Fletching
21:17 Castle Age
22:13 Medium Warships
22:40 Bodkin Arrow
Connection lost

Rejoining the realm…

Still unreachable

The connection could not be restored.

Session expired

The server has moved on; the page needs a fresh start.